 Dungeon Crawl Stone Soup version 0.18.1-8-gdd0e5ea (webtiles) character file.

44 raph the Charmwright (level 3, -3/24 HPs)
             Began as a High Elf Skald on May 24, 2016.
             Slain by a goblin (5 damage)
             ... led by Robin
             ... on level 2 of the Dungeon.
             The game lasted 00:02:13 (1637 turns).

raph the Charmwright (High Elf Skald)               Turns: 1637, Time: 00:02:15

Health: -3/24      AC:  3    Str: 12    XL:     3   Next: 39%
Magic:  5/7        EV: 11    Int: 15    God:
Gold:   55         SH:  0    Dex: 15    Spells: 3 memorised, 2 levels left

rFire  . . .     SeeInvis .     a - +0 falchion
rCold  . . .     Gourm    .     b - +0 leather armour
rNeg   . . .     Faith    .     (no shield)
rPois  .         Spirit   .     (no helmet)
rElec  .         Dismiss  .     (no cloak)
rCorr  .         Reflect  .     (no gloves)
SustAt .         Harm     .     (no boots)
MR     .....                    (no amulet)
Stlth  +.........               (no ring)
                                (no ring)

@: very slightly contaminated, not resistant to hostile enchantments, very
unstealthy
A: no striking features
a: no special abilities


You were on level 2 of the Dungeon.
You were hungry.

You visited 1 branch of the dungeon, and saw 2 of its levels.

You collected 55 gold pieces.

Inventory:

Hand Weapons
 a - a +0 falchion (weapon)
Missiles
 h - 7 tomahawks (quivered)
Armour
 b - a +0 leather armour (worn)
Scrolls
 e - a scroll of enchant armour {unknown}
 f - 2 scrolls of identify {unknown}
 i - a scroll of recharging {unknown}
Potions
 j - a potion of might {unknown}
Books
 c - a book of Battle

   Spells                             Type                      Level
   a - Infusion                       Charms                       1
   b - Shroud of Golubria             Charms/Translocation         2
   c - Song of Slaying                Charms                       2
   d - Spectral Weapon                Hexes/Charms                 3
   e - Regeneration                   Charms/Necromancy            3
Comestibles
 d - a bread ration
 g - a slice of pizza
 k - 3 chunks of flesh


   Skills:
 + Level 2.1 Fighting
 * Level 3.1 Long Blades
 + Level 1.3 Armour
 + Level 1.4 Dodging
 + Level 2.6 Spellcasting
 * Level 4.3 Charms


You had 2 spell levels left.
You knew the following spells:

 Your Spells              Type           Power        Failure   Level  Hunger
a - Infusion              Chrm           ##..         6%          1    #......
b - Shroud of Golubria    Chrm/Tloc      #.........   21%         2    ###....
c - Song of Slaying       Chrm           ##......     10%         2    ###....


Dungeon Overview and Level Annotations

Branches:
Dungeon (2/15)

Altars:

Annotations:
D:2 Robin


Message History

Confirm with . or Enter, or press ? or * to list all spells.
You miscast Song of Slaying.
You are very lightly contaminated with residual magic.
Nothing appears to happen.
The goblin shouts!
The goblin hits you with a dagger. The goblin hits you.
The goblin hits you but does no damage. The kobold hits you with a short sword.
* * * LOW HITPOINT WARNING * * *
You slash the goblin!
You kill the goblin!
The goblin misses you. The goblin hits you but does no damage.
The kobold hits you with a short sword.
* * * LOW HITPOINT WARNING * * *
You are feeling hungry.
The goblin misses you.
Items here: ( )) † a dagger; a hunting sling; 22 stones; a goblin corpse Robin throws the goblin at you!
The goblin hits you.
You die...

..........#.#
.......g..#.# .#
.......g.g#.# .#
.......ggg#.####.#
.......gK.#......###
..########g........#
. #.g.......#
#.........#
#..g@.....#
###.....###
########.#..#
#...........#
#+######.#..# #.#..#
#.#..# #....# ##...#


You could see Robin, 2 hobgoblins, 5 goblins and a kobold.

Vanquished Creatures
  An ooze (D:1)
  A worm (D:2)
  3 dart slugs (D:1)
  A giant gecko (D:1)
  2 bats (D:1)
  A giant cockroach (D:1)
  6 goblins
  2 hobgoblins (D:1)
  4 jackals (D:1)
  3 kobolds
  3 rats (D:1)
27 creatures vanquished.

Notes
Turn   | Place    | Note
--------------------------------------------------------------
     0 | D:1      | raph the High Elf Skald began the quest for the Orb.
     0 | D:1      | Reached XP level 1. HP: 14/14 MP: 4/4
    43 | D:1      | Reached skill level 1 in Armour
   440 | D:1      | Reached XP level 2. HP: 19/19 MP: 1/6
   612 | D:1      | Reached skill level 4 in Charms
   725 | D:1      | Learned a level 2 spell: Shroud of Golubria
   728 | D:1      | Learned a level 2 spell: Song of Slaying
   788 | D:1      | Reached XP level 3. HP: 4/24 MP: 0/7
  1627 | D:2      | Noticed Robin
  1637 | D:2      | Slain by a goblin

Skill      XL: |  1  2  3 |
---------------+----------+-----
Armour         | 1 |  1.3
Charms         | 4 |  4.3
Long Blades    | 3 |  3.1
Fighting       | |  2.1
Dodging        | |  1.4
Spellcasting   | |  2.6

Action                   || total
-------------------------++-------
Melee: Falchion          ||    85
 Cast: Infusion          ||    12
  Eat: Chunk             ||     2
Armor: Leather armour    ||    32
Dodge: Dodged            ||    54
